 Dungeon Crawl Stone Soup version 0.24.0-123-gd5b16e6ec5 (webtiles) character file.

Game seed: 12529705658007461308, levelgen mode: deterministic

49 Bluestream the Firebug (level 3, -2/19 HPs)
             Began as a Deep Elf Fire Elementalist on Feb 4, 2020.
             Slain by a scorpion (6 damage)
             ... on level 2 of the Dungeon.
             The game lasted 00:02:36 (1079 turns).

Bluestream the Firebug (Deep Elf Fire Elementalist) Turns: 1079, Time: 00:02:36

Health: -2/19      AC:  2    Str:  5    XL:     3   Next: 53%
Magic:  9/10       EV: 13    Int: 20    God:
Gold:   39         SH:  0    Dex: 15    Spells: 7/10 levels left

rFire    . . .     SeeInvis .   (no weapon)
rCold    . . .     Gourm    .   (no shield)
rNeg     . . .     Faith    .   a - +0 robe
rPois    .         Spirit   .   (no helmet)
rElec    .         Reflect  .   (no cloak)
rCorr    .         Harm     .   (no gloves)
MR       .....                  (no boots)
Stlth    ++........             (no amulet)
HPRegen  0.06/turn              (no ring)
MPRegen  0.12/turn              (no ring)

@: no status effects
A: no striking features
a: no special abilities


You were on level 2 of the Dungeon.
You were not hungry.

You visited 1 branch of the dungeon, and saw 2 of its levels.

You collected 39 gold pieces.

Inventory:

Armour
 a - a +0 robe (worn)
Scrolls
 e - 2 scrolls of identify {unknown}
Potions
 b - 2 potions of heal wounds {unknown}
 d - a potion of curing {unknown}
 f - a potion of degeneration {unknown}
Comestibles
 c - a ration


   Skills:
 - Level 2.4 Dodging
 - Level 2.4 Stealth
 + Level 4.0 Spellcasting
 + Level 2.3 Conjurations
 + Level 4.0 Fire Magic


You had 7 spell levels left.
You knew the following spells:

 Your Spells              Type           Power        Failure   Level  Hunger
a - Flame Tongue          Conj/Fire      ###..        3%          1    None
b - Throw Flame           Conj/Fire      ###...       5%          2    #......

Your spell library contained the following spells:

 Spells                   Type           Power        Failure   Level  Hunger
 Conjure Flame            Conj/Fire      ###.....     11%         3    ###....
 Inner Flame              Hex/Fire       ##......     17%         3    ###....
 Sticky Flame             Conj/Fire      ###.....     34%         4    ####...
 Fireball                 Conj/Fire      ###.......   67%         5    ######.


Dungeon Overview and Level Annotations

Branches:
Dungeon (2/15)

Altars:
Kikubaaqudgha


Message History

Press: ? - help, Shift-Dir - straight line, f - giant cockroach, p - scorpion
Aim: a giant cockroach (clinging)
The flame tongue hits the giant cockroach.
The giant cockroach is severely wounded.
The giant cockroach completely misses you.
The scorpion misses you. The giant cockroach bites you.
* * * LOW HITPOINT WARNING * * *
Casting: Flame Tongue (safe; 3% risk of failure)
Confirm with . or Enter, or press ? or * to list all spells.
Aiming: Flame Tongue (safe; 3% risk of failure)
Press: ? - help, Shift-Dir - straight line, f/p - giant cockroach
Aim: a giant cockroach (severely wounded, clinging)
The flame tongue hits the giant cockroach.
You kill the giant cockroach!
Your Spellcasting skill increases to level 4!
The scorpion misses you.
There is an open door here.
You see here a giant cockroach corpse.
The scorpion stings you.
You die...

#...........#
#.....#####.#
#.....# #.#
#.....# #.#
#.....#
#.####
#...... #.#?.
#.......
#.#.#
#####...
#s#.###.#
#.@.....#
###.##### .#
.# ##


You could see a scorpion.

Vanquished Creatures
  An ooze (D:1)
  2 dart slugs (D:1)
  A leopard gecko (D:2)
  2 giant cockroaches
  2 goblins (D:1)
  3 hobgoblins
  7 jackals
  7 bats
  A frilled lizard (D:1)
  5 kobolds
  5 rats (D:1)
36 creatures vanquished.

Notes
Turn   | Place    | Note
-------+----------+-------------------------------------------
     0 | D:1      | Bluestream the Deep Elf Fire Elementalist began the quest
                  | for the Orb.
     0 | D:1      | Reached XP level 1. HP: 10/10 MP: 6/6
    73 | D:1      | Reached XP level 2. HP: 10/15 MP: 0/8
   514 | D:1      | Reached XP level 3. HP: 19/19 MP: 8/10
   796 | D:1      | Learned a level 2 spell: Throw Flame
   879 | D:2      | Found an ancient bone altar of Kikubaaqudgha.
  1016 | D:2      | Noticed a scorpion
  1079 | D:2      | Slain by a scorpion

Levels and vault maps discovered:
D:1:      dpeg_arrival_subterranean_lakeside_camping, layout_rooms
D:2:      layout_basic, lemuel_doored_altar

Skill      XL: |  1  2  3 |
---------------+----------+-----
Conjurations   | 2 |  2.3
Fire Magic     | 4 |  4.0
Spellcasting   | 4 |  4.0
Dodging        | |  2.4
Stealth        | |  2.4

Action                   || total
-------------------------++-------
Melee: Unarmed           ||     3
 Cast: Flame Tongue      ||    51
       Throw Flame       ||     4
Armor: Robe              ||     5
Dodge: Dodged            ||    23
